 Dungeon Crawl Stone Soup version 0.31-a0-875-g02e7d12df6 (webtiles) character file.

Game seed: 5180998040472457640

6272 Getoffmy the Geomancer (level 10, -6/56 HPs)
             Began as an Octopode Earth Elementalist on Oct 13, 2023.
             Was a Priest of Vehumet.
             Engulfed by a cloud of freezing vapour (21 damage)
             ... on level 9 of the Dungeon.
             The game lasted 00:34:39 (10297 turns).

Getoffmy the Geomancer (OpEE)                      Turns: 10297, Time: 00:34:39

Health: -6/56      AC:  1    Str:  7    XL:     10   Next: 94%
Magic:  9/21       EV: 13    Int: 28    God:    Vehumet [***...]
Gold:   442        SH:  6    Dex: 19    Spells: 5/24 levels left

rFire   . . .        B - +3 dagger (venom)
rCold   . . .        k - +2 buckler
rNeg    . . .        (helmet restricted)
rPois   .            d - amulet of magic regeneration
rElec   .            p - +6 ring of intelligence
rCorr   .            u - +6 ring of dexterity
SInv    +            g - +4 ring of slaying
Will    .....        F - ring of see invisible
Stlth   +++          (no ring)
HPRegen 0.29/turn    (no ring)
MPRegen 0.57/turn    (no ring)
                     (no ring)

%: no passive effects
@: no status effects
A: almost no armour, amphibious, 8 rings, camouflage 1, gelatinous body 1,
(nimble swimmer 1), tentacles
a: Renounce Religion


You were on level 9 of the Dungeon.
You worshipped Vehumet.
Vehumet was most pleased with you.
You visited 2 branches of the dungeon, and saw 10 of its levels.
You also visited: Ossuary.

You collected 690 gold pieces.
You spent 248 gold pieces at shops.

Inventory:

Hand Weapons
 r - the +5 woodcutter's axe
   (You found it on level 7 of the Dungeon)
 B - a +3 dagger of venom (weapon)
Missiles
 c - 62 stones
 f - a curare-tipped dart
 m - 56 poisoned darts
 D - 4 atropa-tipped darts
Armour
 k - a +2 buckler (worn)
Magical Staves
 C - a staff of air
Jewellery
 d - an amulet of magic regeneration (around mantle)
 g - a +4 ring of slaying (on tentacle)
 j - a ring of ice
 p - a +6 ring of intelligence (left tentacle)
 s - an amulet of faith
 u - a +6 ring of dexterity (right tentacle)
 E - an amulet of reflection
 F - a ring of see invisible (on tentacle)
Wands
 A - a wand of paralysis (7)
 G - a wand of flame (7)
 K - a wand of light (6)
Scrolls
 h - 2 scrolls of immolation
 i - 2 scrolls of teleportation
 q - 2 scrolls of noise
 t - a scroll of fear
 y - a scroll of revelation
 I - 6 scrolls of identify
 J - a scroll of blinking {unknown}
 M - a scroll of fog
 N - a scroll of enchant armour
Potions
 a - a potion of enlightenment
 b - 4 potions of heal wounds
 e - a potion of mutation {unknown}
 l - 5 potions of attraction
 n - 4 potions of curing
 o - 2 potions of cancellation
 v - 2 potions of might {unknown}
 w - 4 potions of brilliance
 x - 3 potions of ambrosia
 z - 2 potions of magic
 H - 2 potions of haste {unknown}
 L - 3 potions of invisibility {unknown}


   Skills:
 - Level 2.0 Dodging
 - Level 2.6 Stealth
 + Level 7.6 Spellcasting
 + Level 7.7 Conjurations
 - Level 2.0 Transmutations
 + Level 4.6 Ice Magic
 + Level 4.2 Air Magic
 - Level 10.0 Earth Magic


You had 5 spell levels left.
You knew the following spells:

 Your Spells              Type           Power      Damage    Failure   Level
a - Sandblast             Erth           100%       2d20      1%          1
b - Passwall              Tmut/Erth      36%        N/A       1%          2
c - Stone Arrow           Conj/Erth      100%       3d13      1%          3
d - Brom's Barrelling Bo  Conj/Erth      57%        2d7       1%          4
e - Freezing Cloud        Conj/Ice/Air   20%        6-21      7%          5
f - Petrify               Tmut/Erth      44%        N/A       7%          4

Your spell library contained the following spells:

 Spells                   Type           Power      Damage    Failure   Level
 Airstrike                Air            17%        2d(3-19)  4%          4
 Kiss of Death            Conj/Necr      100%       2d13      1%          1
 Static Discharge         Conj/Air       88%        2-6/arc   1%          2
 Dazzling Flash           Conj/Hex       64%        N/A       1%          3
 Summon Small Mammal      Summ           40%        N/A       9%          1
 Call Canine Familiar     Summ           10%        N/A       26%         3
 Summon Guardian Golem    Hex/Summ       10%        N/A       26%         3
 Bombard                  Conj/Erth      28%        9d5       10%         6
 Conjure Ball Lightning   Conj/Air       22%        3x3d6     28%         6
 Lehudib's Crystal Spear  Conj/Erth      28%        10d8      96%         8
 Discord                  Hex            5%         N/A       100%        8
 Disjunction              Tloc           5%         N/A       100%        8


Dungeon Overview and Level Annotations

Branches:
Dungeon (9/15)             Temple (1/1) D:5             Orc (0/2) D:9
Ossuary (visited)
   Lair: D:8-11

Altars:
Ashenzari
Cheibriados
Dithmenos
Elyvilon
Fedhas
Gozag
Hepliaklqana
Kikubaaqudgha
Makhleb
Nemelex Xobeh
Okawaru
Qazlal
Ru
Sif Muna
Trog
Uskayaw
Vehumet
Wu Jian
Xom
Yredelemnul
Zin
The Shining One

Shops:
D:4 (   D:9 *


Innate Abilities, Weirdness & Mutations

You cannot wear most types of armour.
You are amphibious.
You can wear up to eight rings at the same time.
Your skin changes colour to match your surroundings (Stealth+).
Your rubbery body absorbs attacks. (AC +1, EV +1)
((You are camouflaged when in or above water. (Stealth+)))
You have tentacles for arms and can constrict up to eight enemies at once.


Message History

Xbox's ghost is knocked back.
Xbox's ghost hits your boulder but does no damage.
The boulder barrels into xbox's ghost!
Xbox's ghost is severely damaged.
Xbox's ghost is knocked back.
There is an open translucent door here.
Your boulder slams into a wall and explodes!
The rocky shrapnel hits xbox's ghost.
Xbox's ghost is severely damaged.
Casting: Sandblast (safe; 1% risk of failure)
Confirm with . or Enter, or press ? or * to list all spells.
Aiming: Stone Arrow (safe; 1% risk of failure)
Press: ? - help, Shift-Dir - straight line, f/p - xbox's ghost
Aim: xbox's ghost, wielding a weapon of electrocution (severely damaged, 72% to hit)
The stone arrow hits xbox's ghost.
Xbox's ghost is severely damaged.
Xbox's ghost points at you and mumbles some strange words.
The freezing blast engulfs you!
Casting: Stone Arrow (safe; 1% risk of failure)
Confirm with . or Enter, or press ? or * to list all spells.
Aiming: Stone Arrow (safe; 1% risk of failure)
Press: ? - help, Shift-Dir - straight line, f/p - xbox's ghost
Aim: xbox's ghost, wielding a weapon of electrocution (severely damaged, 72% to hit)
The stone arrow hits xbox's ghost!!
Xbox's ghost is almost destroyed.
You are engulfed in freezing vapours.
* * * LOW HITPOINT WARNING * * *
Xbox's ghost gestures at you while chanting.
The ball explodes into a vile cloud!
The stinking cloud engulfs you but does no damage.
Casting: Stone Arrow (safe; 1% risk of failure)
Confirm with . or Enter, or press ? or * to list all spells.
Aiming: Stone Arrow (safe; 1% risk of failure)
Press: ? - help, Shift-Dir - straight line, f/p - xbox's ghost
Aim: xbox's ghost, wielding a weapon of electrocution (almost destroyed, 72% to hit)
The stone arrow hits xbox's ghost!
You destroy xbox's ghost!
Vehumet accepts your kill.
You feel your power returning.
You are engulfed in freezing vapours.
You die...

#.......#
#.####.#).......
##.#.#.##
#....##.......##
#.....# #####.##<...###
####.## #.....####.#
#.# #####.###......#
#.###.....# #.####.####
#...○☼#######..# #.##≈≈
##.#.§#☼☼#.....###.#...
#...○@°8##........#.≈≈
###○☼#☼.#####.#####...
###########.# #..#
#.......# #..#
#############..#
#.....# #.##..# #.##..#
#.##..#


There were no monsters in sight!

Vanquished Creatures
  The ghost of xbox the Destroyer, a journeyman DsCj of Vehumet (D:9)
  Psyche (D:8)
  Sigmund (D:4)
  A shadow (D:9)
  A steam dragon (D:9)
  An acid dragon (D:8)
  A water moccasin (D:7)
  5 orc warriors
  3 sky beasts
  2 ice beasts
  2 black bears
  3 ogres
  3 centaurs (D:8)
  Blork the orc (D:6)
  5 kobold brigands
  3 scorpions
  4 bullfrogs
  4 gnoll sergeants (D:7)
  4 water moccasin zombies (Ossuary)
  4 wights (D:8)
  8 killer bees
  10 howler monkeys
  4 hounds
  Crazy Yiuf (D:5)
  5 jellies
  4 gnoll boudas
  7 orc priests
  Jessica (D:2)
  3 iguanas (D:5)
  3 sleepcaps
  Natasha (twice) (D:2)
  6 orc wizards
  2 mummies (Ossuary)
  Robin (D:2)
  15 gnolls
  12 adders
  2 shadow imps
  2 white imps
  2 ufetubi (D:5)
  7 adder zombies (Ossuary)
  3 worms
  2 dart slugs
  41 orcs
  6 bats
  9 endoplasms
  5 giant cockroaches
  10 hobgoblins
  12 jackals
  3 quokkas
  3 ball pythons
  4 frilled lizards
  3 gnoll zombies (Ossuary)
  15 goblins
  4 hobgoblin zombies (Ossuary)
  19 kobolds
  3 kobold zombies (Ossuary)
  7 orc zombies (Ossuary)
  3 rats (D:2)
299 creatures vanquished.

Vanquished Creatures (collateral kills)
  2 orcs (D:9)
  5 boulders (D:9)
7 creatures vanquished.

Vanquished Creatures (others)
  5 boulders (D:9)
5 creatures vanquished.

Grand Total: 311 creatures vanquished

Notes
Turn   | Place    | Note
-------+----------+-------------------------------------------
     0 | D:1      | Getoffmy the Octopode Earth Elementalist began the quest
                  | for the Orb.
     0 | D:1      | Reached XP level 1. HP: 11/11 MP: 3/3
   155 | D:1      | Reached XP level 2. HP: 9/17 MP: 0/5
   369 | D:1      | Reached XP level 3. HP: 14/21 MP: 3/6
   920 | D:2      | Learned a level 2 spell: Passwall
   924 | D:2      | Learned a level 3 spell: Stone Arrow
  1204 | D:2      | Reached skill level 4 in Earth Magic
  1204 | D:2      | Reached XP level 4. HP: 27/27 MP: 4/7
  1319 | D:2      | Noticed Jessica
  1348 | D:2      | Killed Jessica
  1411 | D:2      | Found a faded altar of an unknown god.
  1893 | D:2      | Reached skill level 1 in Conjurations
  1893 | D:2      | Reached XP level 5. HP: 31/31 MP: 5/9
  1972 | D:2      | Noticed Natasha
  1974 | D:2      | Killed Natasha
  2086 | D:2      | Noticed Robin
  2105 | D:2      | Killed Robin
  2461 | D:2      | Noticed Natasha
  2472 | D:2      | Killed Natasha
  2625 | D:3      | Reached skill level 5 in Earth Magic
  2625 | D:3      | Reached XP level 6. HP: 36/36 MP: 5/10
  3194 | D:4      | Found Biushrefu's Weapon Emporium.
  3267 | D:4      | Reached XP level 7. HP: 16/41 MP: 10/12
  3440 | D:4      | Found a sand-covered staircase.
  3445 | Ossuary  | Entered an ossuary
  3796 | Ossuary  | Reached skill level 6 in Earth Magic
  4335 | D:4      | Noticed Sigmund
  4394 | D:4      | Reached skill level 7 in Earth Magic
  4394 | D:4      | Reached XP level 8. HP: 40/46 MP: 5/14
  4569 | D:4      | Killed Sigmund
  4715 | D:5      | Entered Level 5 of the Dungeon
  4722 | D:5      | Learned a level 4 spell: Brom's Barrelling Boulder
  4740 | D:5      | Found a staircase to the Ecumenical Temple.
  4746 | Temple   | Entered the Ecumenical Temple
  4751 | Temple   | Became a worshipper of Vehumet
  4792 | D:5      | Found a hazy altar of Hepliaklqana.
  4814 | D:5      | Found a bloodstained altar of Trog.
  4862 | D:5      | Found an ornate altar of the Wu Jian Council.
  4862 | D:5      | Found a basalt altar of Yredelemnul.
  4863 | D:5      | Found a glowing golden altar of the Shining One.
  4863 | D:5      | Found a sparkling altar of Nemelex Xobeh.
  4863 | D:5      | Found an opulent altar of Gozag.
  4867 | D:5      | Found an ancient bone altar of Kikubaaqudgha.
  4867 | D:5      | Found a shimmering altar of Xom.
  4868 | D:5      | Found a burning altar of Makhleb.
  4878 | D:5      | Reached skill level 5 in Spellcasting
  5095 | D:5      | Reached skill level 8 in Earth Magic
  5189 | D:5      | Found a runed translucent door.
  5190 | D:5      | Noticed Crazy Yiuf
  5557 | D:5      | Killed Crazy Yiuf
  5558 | D:5      | Reached skill level 5 in Conjurations
  5558 | D:5      | Reached XP level 9. HP: 51/51 MP: 13/17
  5873 | D:6      | Reached * piety under Vehumet
  5873 | D:6      | Offered knowledge of Magic Dart by Vehumet.
  5935 | D:6      | Reached skill level 9 in Earth Magic
  5964 | D:6      | Found a hide-covered altar of Uskayaw.
  5991 | D:6      | Found a shimmering blue altar of Sif Muna.
  6172 | D:6      | Noticed Blork the orc
  6182 | D:6      | Killed Blork the orc
  6341 | D:6      | Identified a scroll of acquirement
  6341 | D:6      | Acquired Icwiul's Compilation of Fulmination
  6349 | D:6      | Learned a level 5 spell: Freezing Cloud
  7293 | D:7      | Reached ** piety under Vehumet
  7293 | D:7      | Offered knowledge of Shock by Vehumet.
  7294 | D:7      | Reached skill level 1 in Ice Magic
  7517 | D:7      | Reached skill level 10 in Earth Magic
  7665 | D:7      | Reached skill level 1 in Air Magic
  7665 | D:7      | Reached XP level 10. HP: 51/56 MP: 13/19
  7853 | D:7      | Found the +5 woodcutter's axe
  8034 | D:8      | Offered knowledge of Momentum Strike by Vehumet.
  8123 | D:8      | Learned a level 4 spell: Petrify
  8124 | D:8      | Found a stormy altar of Qazlal.
  8432 | D:8      | Noticed Psyche
  8439 | D:8      | Reached *** piety under Vehumet
  8654 | D:8      | Killed Psyche
  9159 | D:9      | Found a staircase to the Orcish Mines.
  9219 | D:9      | Offered knowledge of Airstrike by Vehumet.
  9295 | D:9      | Found a runed translucent door.
  9295 | D:9      | Noticed xbox's ghost (journeyman DsCj)
  9623 | D:9      | Found an iron altar of Okawaru.
  9940 | D:9      | Found Ewohofil's General Store.
  9948 | D:9      | Bought 3 scrolls of identify for 96 gold pieces
  9948 | D:9      | Bought a scroll of enchant armour for 120 gold pieces
  9948 | D:9      | Bought a scroll of identify for 32 gold pieces
 10297 | D:9      | Killed xbox's ghost
 10297 | D:9      | Engulfed by a cloud of freezing vapour

Illustrated notes

Levels and vault maps discovered:
D:1:      moated_graveyard_arrival, layout_basic
D:2:      layout_basic, hellmonk_ecumenical_altar_heavens_door,
          chequers_big_river, uniq_robin, uniq_jessica, uniq_natasha
D:3:      layout_rooms
D:4:      layout_rooms, serial_shops, nicolae_shop_tiny_waterfront,
          enter_ossuary_2, nicolae_kite_square_tiling_tiny, hex_intersection,
          uniq_sigmund
D:5:      layout_basic, nicolae_overflow_hidden_temple,
          mainiacjoe_overflow_six_doors_small, mainiacjoe_overflow_tiny_flanked,
          grunt_temple_overflow_open, minmay_temple_entry_fiery, minivault_19,
          uniq_crazy_yiuf_cottage
D:6:      layout_basic, led_sif_pool, mainiacjoe_overflow_brackets,
          uniq_blork_the_orc
D:7:      layout_basic, pf_guarded_unrand_woodcutter
D:8:      layout_rooms, nicolae_qazlal_beasts_of_the_sky, minmay_puff,
          uniq_psyche
D:9:      layout_loops_cross, mainiacjoe_overflow_catwalk, hiddenorc1_lemuel,
          serial_shops, nicolae_shop_peninsula, gammafunk_ghost_grave,
          serial_co_window_serial, co_window_paths_b, co_window_cross_1,
          co_window_corner_a, co_window_paths_b, co_window_of_opportunity_a,
          co_window_of_opportunity_a, co_window_corner_a, co_window_corner_b,
          co_window_unsneaky_path_c, co_window_of_opportunity_c,
          co_window_unsneaky_path_b, glass_columns_c, glass_columns_a,
          grunt_ministairs_13
Temple:   hellmonk_temple_micro_hex

Skill      XL: |  1  2  3  4  5  6  7  8  9 10 |
---------------+-------------------------------+-----
Transmutations | 2 |  2.0
Earth Magic    | 4 5 7 8 10 | 10.0
Conjurations   | 1 2 3 5 6 7 |  7.7
Spellcasting   | 3 4 5 6 7 |  7.6
Ice Magic      | 2 4 |  4.6
Air Magic      | 1 4 |  4.2
Dodging        | |  2.0
Stealth        | |  2.6

Action                     |  1- 3 |  4- 6 |  7- 9 | 10-12 || total
---------------------------+-------+-------+-------+-------++-------
  Melee: Unarmed           |    11 |       |       |       ||    11
         Constrict         |     4 |     2 |     3 |     1 ||    10
         Tentacles         |     3 |     3 |     4 |     2 ||    12
         Dagger            |     2 |    16 |     6 |     6 ||    30
         Punch             |       |       |       |     1 ||     1
   Cast: Sandblast         |    45 |    76 |   102 |    39 ||   262
         Stone Arrow       |       |       |   103 |    68 ||   171
         Brom's Barrelling |       |       |       |    13 ||    13
    Use: Potion            |     1 |       |       |     2 ||     3
         Scroll            |       |       |    18 |     2 ||    20
   Stab: Sleeping          |       |     3 |       |     2 ||     5
 Armour: Skin              |    24 |    30 |    53 |    25 ||   132
  Dodge: Dodged            |    22 |    36 |    63 |    45 ||   166
  Block: Buckler           |       |       |       |    15 ||    15

Table legend: (Time is in decaauts)
 A = Elapsed time spent in this place.
 B = Non-inter-level travel time spent in this place.
 C = Inter-level travel time spent in this place.
 D = Time resting spent in this place.
 E = Time spent auto-exploring this place.
 F = Levels seen in this place.
 G = Mean time per level.
                   A        B        C        D        E       F      G
               +--------+--------+--------+--------+--------+-----+--------+
         Total |  10430 |  10057 |    373 |   2815 |   5025 |  11 |  948.2 |
       Dungeon |   9700 |   9331 |    369 |   2272 |   5025 |   9 | 1077.8 |
        Temple |     12 |      8 |      4 |      0 |      0 |   1 |   12.0 |
       Ossuary |    717 |    717 |      0 |    543 |      0 |   1 |  717.0 |
               +--------+--------+--------+--------+--------+-----+--------+

Top non-repeatable levels by time:
     D:2: 1722 daAuts
     D:9: 1441 daAuts
     D:5: 1182 daAuts
     D:6: 1165 daAuts
     D:8: 931 daAuts
     D:1: 926 daAuts
     D:7: 876 daAuts
     D:4: 857 daAuts
 Ossuary: 717 daAuts
     D:3: 597 daAuts
  Temple: 12 daAuts
